[Event "Titled Tuesday Blitz July 25 Early 2023"]
[White "vishwa_vijeta"]
[Black "Lobanov, Sergei"]
[BlackFideId "24183750"]
[WhiteElo "2525"]
[BlackElo "2791"]
[Result "1-0"]
[Round "2"]
[TimeControl "180+2"]
[Date "2023.07.25"]
[WhiteClock "0:00:05"]
[BlackClock "0:00:01"]
[Board "65"]

1. e4 e5 2. Nf3 Nc6 3. d4 exd4 4. Nxd4 Nf6 5. Nxc6 bxc6 6. e5 Qe7 7. Qe2 Nd5 8. h4 f6 9. c4 Ba6 10. exf6 Qxe2+ 11. Bxe2 Nxf6 12. Nc3 Kf7 13. b3 Bc5 14. Be3 Bxe3 15. fxe3 Rhe8 16. Kd2 c5 17. Bf3 Rab8 18. g4 Bb7 19. Bxb7 Rxb7 20. g5 Ne4+ 21. Nxe4 Rxe4 22. Raf1+ Ke7 23. Rf5 Rb6 24. Rxc5 Rd6+ 25. Ke2 Kd8 26. Rh3 Rg4 27. Kf3 Rg1 28. Ra5 a6 29. Rg3 Rf1+ 30. Ke2 Rh1 31. Rg4 Re6 32. Rf4 Rh3 33. e4 Kc8 34. Raf5 Rd6 35. Rf7 Rdd3 36. Rf2 Rde3+ 37. Kd2 Rxe4 38. Rxg7 Rd4+ 39. Kc2 Rhxh4 40. Kc3 Rd6 41. Rf8+ Kb7 42. Rff7 Rh3+ 43. Kb4 a5+ 44. Ka3 Kc6 45. Rxh7 Rg3 46. Rhg7 Rg2 47. Rf6 Rxf6 48. gxf6 Rf2 49. f7 d6 50. Rh7 Kb6 51. Rg7 Kc5 52. Rg5+ Kb6 53. Rg7 Kc6 54. Rh7 Kb6 55. b4 axb4+ 56. Kxb4 c5+ 57. Kc3 Rf3+ 58. Kd2 1-0


[Site "https://www.chess.com"]

[Event "Titled Tuesday Blitz July 25 Early 2023"]
[White "Nagy, Gabor"]
[Black "Makkar, Rajat"]
[WhiteFideId "737119"]
[BlackFideId "36016810"]
[WhiteElo "2790"]
[BlackElo "2524"]
[Result "1-0"]
[Round "2"]
[TimeControl "180+2"]
[Date "2023.07.25"]
[WhiteClock "0:00:13"]
[BlackClock "0:00:09"]
[Board "66"]

1. d4 d5 2. Nc3 Nf6 3. Bf4 c5 4. e3 cxd4 5. exd4 a6 6. Nf3 Bg4 7. h3 Bh5 8. g4 Bg6 9. Ne5 e6 10. h4 h6 11. Nxg6 fxg6 12. Bd3 Kf7 13. h5 g5 14. Bg6+ Kg8 15. Qe2 Qd7 16. Be5 Nc6 17. O-O-O Bb4 18. Rh3 Ne7 19. Bxf6 gxf6 20. a3 Bxc3 21. Rxc3 Nxg6 22. hxg6 Kg7 23. Re1 Rhe8 24. Rh3 Rac8 25. Qd3 e5 26. Rxh6 Qxg4 27. Rh7+ Kg8 28. dxe5 Qf4+ 29. Kb1 Qc4 30. Qh3 Qxc2+ 31. Ka1 Qxg6 32. Rh8+ Kg7 33. exf6+ Kxf6 34. Rhxe8 Rxe8 35. Qf3+ Kg7 36. Rg1 Re5 37. Qc3 Qf6 38. Qc7+ Qe7 39. Rxg5+ Kf6 40. Qxe7+ Kxe7 41. Rxe5+ 1-0


[Site "https://www.chess.com"]

[Event "Titled Tuesday Blitz July 25 Early 2023"]
[White "Mortazavi, Ali"]
[Black "Elsa167"]
[WhiteFideId "401323"]
[WhiteElo "2519"]
[BlackElo "2788"]
[Result "0-1"]
[Round "2"]
[TimeControl "180+2"]
[Date "2023.07.25"]
[WhiteClock "0:00:01"]
[BlackClock "0:00:04"]
[Board "67"]

1. Nf3 f5 2. d3 d6 3. e4 e5 4. Nc3 Nf6 5. exf5 Bxf5 6. g3 Nc6 7. Bg2 Qd7 8. Bg5 Be7 9. d4 e4 10. Nh4 d5 11. Nxf5 Qxf5 12. Bf4 O-O-O 13. h4 Kb8 14. Nb5 Bb4+ 15. c3 Ba5 16. b4 Bb6 17. a4 a6 18. a5 Bxa5 19. Rxa5 axb5 20. Rxb5 Ne8 21. Qe2 Nd6 22. Rc5 h6 23. b5 Na5 24. Bh3 Qf7 25. Qa2 b6 26. Rxd5 g5 27. Be5 Rhf8 28. O-O gxh4 29. Ra1 hxg3 30. Bxg3 e3 31. fxe3 Qf3 32. Qg2 Qxe3+ 33. Kh2 Rg8 34. c4 Ne4 35. Rxd8+ Rxd8 36. Re1 Qxg3+ 37. Qxg3 Nxg3 38. Kxg3 Nxc4 39. Bg2 Na5 40. Re6 h5 41. Rh6 Nb7 42. d5 Nd6 43. Bf1 Rg8+ 44. Kf2 Rf8+ 45. Ke1 Rf5 46. Bg2 Kb7 0-1


[Site "https://www.chess.com"]

[Event "Titled Tuesday Blitz July 25 Early 2023"]
[White "qx4z"]
[Black "Korelskiy, Egor"]
[BlackFideId "34329064"]
[WhiteElo "2787"]
[BlackElo "2517"]
[Result "1-0"]
[Round "2"]
[TimeControl "180+2"]
[Date "2023.07.25"]
[WhiteClock "0:00:47"]
[BlackClock "0:00:03"]
[Board "68"]

1. d4 d5 2. Bf4 Nf6 3. e3 g6 4. Nc3 Bg7 5. h4 a6 6. Nf3 c5 7. Ne5 Nc6 8. Qd2 cxd4 9. exd4 Nh5 10. Nxc6 bxc6 11. Be3 O-O 12. Be2 Nf6 13. h5 Bg4 14. f3 Bc8 15. Bh6 c5 16. Bxg7 Kxg7 17. hxg6 fxg6 18. Qh6+ Kg8 19. O-O-O cxd4 20. Rxd4 Bb7 21. Bd3 Qe8 22. Rg4 Kf7 23. Rxg6 Rg8 24. Rxf6+ exf6 25. Qxh7+ Kf8 26. Qh6+ Rg7 27. Qxf6+ Kg8 28. Bf5 Bc8 29. Nxd5 Bxf5 30. Qxf5 Qf7 31. Nf6+ Kf8 32. Rh8+ 1-0


[Site "https://www.chess.com"]

[Event "Titled Tuesday Blitz July 25 Early 2023"]
[White "Jaskolka, Tomasz"]
[Black "Tsaruk, Maksim"]
[WhiteFideId "1170791"]
[BlackFideId "13511173"]
[WhiteElo "2517"]
[BlackElo "2787"]
[Result "0-1"]
[Round "2"]
[TimeControl "180+2"]
[Date "2023.07.25"]
[WhiteClock "0:00:13"]
[BlackClock "0:00:32"]
[Board "69"]

1. e4 e5 2. Nf3 Nc6 3. Bc4 Nf6 4. Ng5 d5 5. exd5 Na5 6. Bb5+ c6 7. dxc6 bxc6 8. Bd3 Ng4 9. Nf3 f5 10. h3 e4 11. hxg4 exd3 12. cxd3 fxg4 13. Ne5 Qd5 14. Qe2 Qxg2 15. Nxc6+ Kf7 16. Ne5+ Kg8 17. Qe4 Bb7 18. Qxg2 Bxg2 19. Rg1 Re8 20. d4 Bf3 21. Kf1 Nc6 22. Nxg4 Be2+ 23. Kg2 Bxg4 24. d5 Nd4 25. Nc3 Bf3+ 26. Kh3 Bd6 27. d3 Re5 28. Rg5 Re1 29. Bf4 Rxa1 30. Bxd6 Rh1+ 31. Kg3 Rg1+ 32. Kf4 Rxg5 33. Kxg5 h5 34. Be5 Ne2 35. d6 Nxc3 36. bxc3 Kf7 37. c4 h4 38. d4 h3 39. Bh2 Ke6 40. d5+ Kd7 41. Kf4 Bg2 42. Ke5 Rh5+ 43. Kd4 Rf5 44. Bg3 g5 45. a4 a6 46. a5 g4 47. Kc5 Rxf2 48. Kd4 Rc2 49. c5 Rd2+ 0-1


[Site "https://www.chess.com"]

[Event "Titled Tuesday Blitz July 25 Early 2023"]
[White "Shubenkova, Veronika"]
[Black "Nazari, Arad"]
[WhiteFideId "44124040"]
[BlackFideId "12577324"]
[WhiteElo "2516"]
[BlackElo "2782"]
[Result "0-1"]
[Round "2"]
[TimeControl "180+2"]
[Date "2023.07.25"]
[WhiteClock "0:00:15"]
[BlackClock "0:00:05"]
[Board "70"]

1. d4 Nf6 2. c4 g6 3. Nc3 d5 4. cxd5 Nxd5 5. e3 Bg7 6. Nf3 O-O 7. Be2 Nxc3 8. bxc3 Nd7 9. O-O e5 10. Ba3 Re8 11. Rb1 c5 12. dxc5 Qa5 13. Bb4 Qxa2 14. Nd2 Qe6 15. Bc4 Qc6 16. Nb3 Qc7 17. Qd6 Qxd6 18. cxd6 Nb6 19. Bb5 Bd7 20. Bxd7 Nxd7 21. Rfd1 b6 22. Rd5 Rec8 23. Rc1 a5 24. Ba3 Rc4 25. Nd2 Ra4 26. Bb2 Ra2 27. Rb1 Rc8 28. h4 f5 29. c4 e4 30. Bxg7 Kxg7 31. h5 Kf6 32. hxg6 hxg6 33. f3 exf3 34. gxf3 Re8 35. Kf2 Rc2 36. Ke2 Rc3 37. e4 f4 38. Kd1 Rh8 39. e5+ Ke6 40. Rbb5 Rh1+ 41. Ke2 Rh2+ 42. Kd1 Ra3 43. Kc2 Rxf3 44. Rb1 Re3 45. Rg1 Rg3 46. Rf1 g5 47. Kd1 Nxe5 48. Re1 Re3 49. Rxe3 fxe3 50. Rxe5+ Kxe5 51. Nf3+ Kxd6 52. Nxh2 a4 53. Nf3 a3 54. Kc2 g4 55. Ne1 Kc5 56. Kc3 a2 57. Kb2 Kxc4 58. Kxa2 Kc3 59. Kb1 Kd2 60. Ng2 e2 0-1


[Site "https://www.chess.com"]

[Event "Titled Tuesday Blitz July 25 Early 2023"]
[White "Tristan, Leonardo"]
[Black "Tokman, Ariel"]
[WhiteFideId "113816"]
[BlackFideId "117420"]
[WhiteElo "2781"]
[BlackElo "2516"]
[Result "0-1"]
[Round "2"]
[TimeControl "180+2"]
[Date "2023.07.25"]
[WhiteClock "0:00:06"]
[BlackClock "0:00:09"]
[Board "71"]

1. d4 d5 2. Nf3 c6 3. Bf4 Nf6 4. e3 Bg4 5. c4 e6 6. Nc3 Nbd7 7. Qb3 Qb6 8. c5 Qxb3 9. axb3 a6 10. Nd2 Be7 11. h3 Bf5 12. b4 O-O 13. Nb3 Bd8 14. Na5 Bxa5 15. bxa5 Rfc8 16. g4 Bg6 17. Ra4 Ne8 18. Rb4 Ra7 19. Na4 Bc2 20. b3 f6 21. Be2 e5 22. Bg3 Be4 23. f3 Bg6 24. Nb6 Nxb6 25. axb6 Raa8 26. dxe5 fxe5 27. Bxe5 Nf6 28. Kd2 Re8 29. Bd4 Nd7 30. Ra4 Re6 31. h4 Rae8 32. h5 Bf7 33. Bd3 Ne5 34. Be2 R6e7 35. f4 Nd7 36. g5 Be6 37. h6 g6 38. Rha1 Nb8 39. b4 Bc8 40. R4a3 Rf7 41. Be5 Nd7 42. Bd6 Nf8 43. Bf3 Be6 44. b5 cxb5 45. Rd3 Rd7 46. Bxd5 Bxd5 47. Rxd5 Ne6 48. Rc1 Nd8 49. e4 Rxe4 50. Kd3 Re6 51. Kd4 Nc6+ 52. Kd3 Kf7 53. Kc3 Re4 54. f5 gxf5 55. Rxf5+ Kg6 56. Rcf1 Rc4+ 57. Kb2 Nd4 58. Rd5 Rf7 59. Rxf7 Kxf7 60. Be5 Nc6 61. Rd7+ Ke6 62. Rxh7 Rxc5 63. Bc7 Rxg5 64. Rg7 Rxg7 65. hxg7 Kf7 66. Kc3 Kxg7 67. Kd3 Kf7 68. Ke4 Ke6 69. Bf4 Ne7 70. Kd4 Nc6+ 71. Kc5 b4 72. Bd2 Ke5 73. Bc1 Ke4 74. Kd6 Kd4 75. Kc7 Na5 76. Bd2 Kc4 77. Be1 Kb5 78. Bd2 b3 79. Bxa5 Kxa5 80. Kxb7 b2 81. Ka7 b1=Q 82. b7 Qxb7+ 83. Kxb7 Kb5 84. Kc7 a5 85. Kd6 Kb4 0-1


[Site "https://www.chess.com"]

[Event "Titled Tuesday Blitz July 25 Early 2023"]
[White "Mindhunter08"]
[Black "Priasmoro, Novendra"]
[BlackFideId "7105029"]
[WhiteElo "2515"]
[BlackElo "2779"]
[Result "1-0"]
[Round "2"]
[TimeControl "180+2"]
[Date "2023.07.25"]
[WhiteClock "0:01:09"]
[BlackClock "0:00:16"]
[Board "72"]

1. e4 c5 2. Nf3 Nc6 3. d4 cxd4 4. Nxd4 Nf6 5. Nc3 e6 6. Nxc6 bxc6 7. e5 Nd5 8. Ne4 Qc7 9. f4 Qb6 10. c4 Bb4+ 11. Ke2 Ba6 12. Kf3 Ne7 13. a3 Bc5 14. b4 Bd4 15. c5 Qd8 16. Qxd4 Bxf1 17. Nd6+ Kf8 18. Rxf1 Nd5 19. g3 f5 20. exf6 gxf6 21. Bb2 h5 22. Ne4 Rh6 23. Nc3 Ne7 24. Rad1 a5 25. Qxd7 1-0


[Site "https://www.chess.com"]

[Event "Titled Tuesday Blitz July 25 Early 2023"]
[White "Tikhonov, Viacheslav"]
[Black "Kantor, Gergely"]
[WhiteFideId "44196407"]
[BlackFideId "751499"]
[WhiteElo "2512"]
[BlackElo "2778"]
[Result "0-1"]
[Round "2"]
[TimeControl "180+2"]
[Date "2023.07.25"]
[WhiteClock "0:00:13"]
[BlackClock "0:00:32"]
[Board "73"]

1. d4 e6 2. c4 Nf6 3. Nf3 Nc6 4. a3 d6 5. g3 g6 6. Bg2 Bg7 7. O-O O-O 8. Nc3 e5 9. dxe5 Nxe5 10. Nxe5 dxe5 11. Bg5 Qxd1 12. Rfxd1 c6 13. Rd6 Be6 14. b3 h6 15. Be3 Ng4 16. Bc5 Rfe8 17. a4 Bf8 18. Ne4 f5 19. h3 fxe4 20. hxg4 Bxd6 21. Bxd6 Bxg4 22. Bxe4 Bf5 23. Bg2 Rad8 24. c5 e4 25. e3 h5 26. b4 Kf7 27. Bf1 g5 28. Be2 Kg6 29. b5 h4 30. g4 Be6 31. Rb1 Bd5 32. a5 cxb5 33. Bxb5 Bc6 34. Bxc6 bxc6 35. Rb7 a6 36. Rb6 Rc8 37. Rxa6 Kf7 38. Ra7+ Ke6 39. Rg7 Rg8 40. Re7+ Kd5 41. Re5+ Kc4 42. Rxe4+ Kd3 43. Ra4 Ke2 44. a6 Kf3 45. Ra2 Kxg4 46. a7 Ra8 47. Ra4+ Kf3 48. Be7 Rg7 49. Bf6 Raxa7 50. Rxa7 Rxa7 51. Bxg5 Rg7 0-1


[Site "https://www.chess.com"]

[Event "Titled Tuesday Blitz July 25 Early 2023"]
[White "only_strong_moves"]
[Black "chessking0310"]
[WhiteElo "2507"]
[BlackElo "2774"]
[Result "1-0"]
[Round "2"]
[TimeControl "180+2"]
[Date "2023.07.25"]
[WhiteClock "0:00:05"]
[BlackClock "0:00:33"]
[Board "74"]

1. d4 d5 2. Nc3 Nf6 3. Bf4 e6 4. e3 Be7 5. Nf3 c5 6. Nb5 Na6 7. c3 c4 8. a4 O-O 9. Ne5 Bd7 10. Nxd7 Qxd7 11. b3 cxb3 12. Qxb3 Ne4 13. f3 Nd6 14. Nxd6 Bxd6 15. Bxd6 Qxd6 16. Qxb7 Nc7 17. Qb4 Qc6 18. Bb5 Qb6 19. Bd3 Qc6 20. O-O a5 21. Qa3 Rfc8 22. Rfc1 g6 23. c4 dxc4 24. Rxc4 Qd7 25. Rac1 Nd5 26. Be4 Nb6 27. Rc5 Rab8 28. Bc6 Qd6 29. Bb5 Kg7 30. Qc3 Nd5 31. Qd2 Rd8 32. e4 Nb4 33. R5c4 Qb6 34. Kh1 Rd6 35. e5 Rd5 36. Rc5 Rbd8 37. Qf2 Rxd4 38. h3 Rd1+ 39. Rxd1 Rxd1+ 40. Kh2 Rd5 41. Rc2 Qxf2 42. Rxf2 Rxe5 43. Rd2 Rd5 44. Re2 Kf6 45. g4 h5 46. Re1 h4 47. Rc1 Rd2+ 48. Kg1 Nc2 49. f4 g5 50. fxg5+ Kxg5 51. Rf1 f5 52. gxf5 exf5 53. Rf3 Nd4 54. Ra3 Kf4 55. Rc3 Nf3+ 56. Kf1 Kg3 57. Be2 Kf4 58. Rxf3+ Ke4 59. Rc3 Ra2 60. Rc4+ Ke3 61. Bh5 f4 62. Rc3+ Kd4 63. Rf3 Ke4 64. Rb3 Rxa4 65. Bf3+ Kd4 66. Ke2 Ra2+ 67. Ke1 Rh2 68. Bg4 Ke4 69. Ra3 Rh1+ 70. Kf2 Rh2+ 71. Kg1 Rb2 72. Rxa5 f3 73. Ra4+ Ke3 74. Ra3+ 1-0


[Site "https://www.chess.com"]

[Event "Titled Tuesday Blitz July 25 Early 2023"]
[White "Pakleza, Zbigniew"]
[Black "Berezin, Viktor"]
[WhiteFideId "1119290"]
[BlackFideId "14107872"]
[WhiteElo "2772"]
[BlackElo "2507"]
[Result "1-0"]
[Round "2"]
[TimeControl "180+2"]
[Date "2023.07.25"]
[WhiteClock "0:00:03"]
[BlackClock "0:00:02"]
[Board "75"]

1. d4 Nf6 2. Nf3 g6 3. Bf4 Bg7 4. e3 O-O 5. Be2 d6 6. h3 b6 7. O-O Bb7 8. Nbd2 Nbd7 9. Bh2 Ne4 10. Nxe4 Bxe4 11. a4 a6 12. Nd2 Bb7 13. Bf3 Qc8 14. c3 c5 15. b4 Bc6 16. bxc5 bxc5 17. Bg3 Rb8 18. Bh4 Re8 19. d5 Ba8 20. Qc2 c4 21. e4 Nc5 22. Rfb1 Rxb1+ 23. Rxb1 Kf8 24. Rb4 a5 25. Rb5 Nd3 26. Be2 Bb7 27. Nxc4 Nc5 28. Nb6 Qc7 29. Rb1 Rb8 30. Nc4 Ba6 31. Rxb8+ Qxb8 32. f3 Bxc4 33. Bxc4 Qc7 34. Bb5 Nb7 35. c4 Bd4+ 36. Bf2 Bc5 37. Bxc5 Nxc5 38. Qd2 Qb6 39. Qh6+ Kg8 40. Kh2 f6 41. Qe3 Kg7 42. Qc3 h5 43. Qd2 Nb3 44. Qc3 Nd4 45. Qe3 Qc5 46. Qe1 Nb3 47. Qf1 Nd2 48. Qe2 Nb3 49. Qd3 Nd4 50. h4 Kf7 51. f4 Kg7 52. Bd7 Qb6 53. e5 Nb3 54. exf6+ exf6 55. Qe4 Kf8 56. Qe8+ Kg7 57. Be6 Kh6 58. Qh8# 1-0


[Site "https://www.chess.com"]

[Event "Titled Tuesday Blitz July 25 Early 2023"]
[White "Lehtosaari, Mauri"]
[Black "Vakhlamov, Igor L."]
[WhiteFideId "501999"]
[BlackFideId "24126748"]
[WhiteElo "2483"]
[BlackElo "2772"]
[Result "1/2-1/2"]
[Round "2"]
[TimeControl "180+2"]
[Date "2023.07.25"]
[WhiteClock "0:00:10"]
[BlackClock "0:00:12"]
[Board "76"]

1. d4 d5 2. Nf3 Nf6 3. Bg5 Ne4 4. Bf4 Bf5 5. e3 e6 6. Nbd2 Bd6 7. Bxd6 Qxd6 8. c3 O-O 9. Nxe4 Bxe4 10. Bd3 Bxd3 11. Qxd3 c5 12. Ne5 Nc6 13. f4 f6 14. Nxc6 bxc6 15. O-O c4 16. Qc2 c5 17. Rae1 f5 18. h3 Rab8 19. Re2 Rb7 20. Qa4 Rfb8 21. Qa3 Rc7 22. Rd1 Rb6 23. dxc5 Qxc5 24. Qxc5 Rxc5 25. Kf1 Kf7 26. Ke1 h6 27. Ra1 Rcb5 28. Rb1 Kf6 29. Kd1 g5 30. g3 Rb8 31. Kc2 Rg8 32. Rbe1 Rb7 33. b3 Rc8 34. Rd1 a5 35. g4 Rbc7 36. Rb1 cxb3+ 37. Rxb3 a4 38. Ra3 Rc4 39. fxg5+ hxg5 40. gxf5 Kxf5 41. Rf2+ Ke4 42. Rg2 Kxe3 43. Rxg5 d4 44. Re5+ Kf4 45. Rxe6 Rxc3+ 46. Rxc3 Rxc3+ 47. Kd2 Rxh3 48. Re8 Ra3 49. Re7 Kf5 50. Re8 Kf4 51. Re7 Kf3 52. Re8 Kg4 53. Re7 Kf5 54. Re8 Rg3 55. Re7 a3 56. Re8 Kf4 57. Re7 Rh3 58. Re8 Rg3 59. Re7 Rg2+ 60. Kd3 Rxa2 61. Kxd4 Rh2 62. Ra7 a2 63. Kc3 Ke4 64. Kb3 Kd4 65. Rxa2 Rh3+ 66. Kb4 Rh1 67. Rd2+ Ke3 68. Rd7 Rb1+ 69. Kc3 Rc1+ 70. Kb2 Rc8 71. Re7+ Kd3 72. Rd7+ Kc4 73. Re7 Rb8+ 74. Kc2 Rh8 75. Re4+ Kd5 76. Rg4 Rh2+ 77. Kc3 Rh3+ 78. Kc2 Kc5 79. Rg5+ Kd4 80. Rg4+ Ke3 81. Rc4 Rh2+ 82. Kc3 Rh1 83. Kc2 Rh2+ 84. Kc3 Rh3 85. Kc2 Rh5 86. Kc3 Rd5 87. Kc2 Rd2+ 88. Kc3 Rd1 89. Kc2 Ra1 90. Kb2 Ra8 91. Kc2 Rb8 92. Kc3 Rd8 93. Kc2 Rd7 94. Kc3 Rd6 95. Kc2 Rd4 96. Rxd4 Kxd4 1/2-1/2


[Site "https://www.chess.com"]

[Event "Titled Tuesday Blitz July 25 Early 2023"]
[White "LangesNasenhaar"]
[Black "Rozman, Levy"]
[BlackFideId "2039877"]
[WhiteElo "2477"]
[BlackElo "2765"]
[Result "1-0"]
[Round "2"]
[TimeControl "180+2"]
[Date "2023.07.25"]
[WhiteClock "0:00:11"]
[BlackClock "0:00:01"]
[Board "77"]

1. d4 f5 2. Nc3 Nf6 3. Bg5 d5 4. Bxf6 exf6 5. e3 c6 6. Bd3 Be6 7. Qf3 Qd7 8. Nge2 Na6 9. a3 Nc7 10. Nf4 Bf7 11. h4 g6 12. O-O-O O-O-O 13. Kb1 Ne6 14. Nfe2 Bd6 15. Nc1 Kb8 16. Nb3 h5 17. g3 Rde8 18. Ne2 Ng7 19. Nf4 g5 20. Ng2 b6 21. Rc1 b5 22. Qd1 Ka8 23. Qd2 Rb8 24. Ne1 Bg6 25. Nf3 Ne6 26. Ng1 Rb6 27. Ne2 Rhb8 28. c3 Qd8 29. Qc2 Ng7 30. Ka2 R6b7 31. Rcg1 a5 32. Nc5 Ra7 33. b4 Qc8 34. Kb2 Bf7 35. Ra1 Rb6 36. Nb3 axb4 37. axb4 Rba6 38. Rxa6 Rxa6 39. Ra1 Rxa1 40. Kxa1 Kb8 41. Kb1 Kc7 42. Qa2 Kd7 43. Qa7+ Qc7 44. Qa8 Qb8 45. Qa6 Qc7 46. Na5 gxh4 47. gxh4 Be6 48. Qa8 Ne8 49. Kb2 Qc8 50. Qa7+ Nc7 51. Nb7 Ke7 52. Nc5 1-0


[Site "https://www.chess.com"]

[Event "Titled Tuesday Blitz July 25 Early 2023"]
[White "Khripachenko, Alexander"]
[Black "Michalczak, Thomas"]
[WhiteFideId "54184975"]
[BlackFideId "4622634"]
[WhiteElo "2764"]
[BlackElo "2472"]
[Result "1-0"]
[Round "2"]
[TimeControl "180+2"]
[Date "2023.07.25"]
[WhiteClock "0:02:18"]
[BlackClock "0:00:20"]
[Board "78"]

1. e4 e5 2. Nf3 Nc6 3. Bb5 a6 4. Ba4 Nf6 5. O-O Be7 6. Re1 b5 7. Bb3 O-O 8. a4 b4 9. c3 d5 10. d3 dxe4 11. dxe4 Qxd1 12. Rxd1 Bd6 13. Bg5 Nxe4 14. Bd5 Nxg5 15. Nxg5 Bb7 16. Nd2 bxc3 17. bxc3 Na5 18. Nde4 Rad8 19. Rab1 Bxd5 20. Rxd5 Nc4 21. Nf3 h6 22. Rb7 f5 23. Nxd6 Rxd6 24. Rxd6 cxd6 25. Rc7 d5 26. g3 Rd8 27. Nh4 f4 28. Nf5 g6 29. Ne7+ Kf7 30. Nc6+ Ke6 31. Nxd8+ Kd6 32. Ra7 1-0


[Site "https://www.chess.com"]

[Event "Titled Tuesday Blitz July 25 Early 2023"]
[White "Bauman_Guy"]
[Black "Lopez, Henry"]
[BlackFideId "5203830"]
[WhiteElo "2762"]
[BlackElo "2461"]
[Result "1-0"]
[Round "2"]
[TimeControl "180+2"]
[Date "2023.07.25"]
[WhiteClock "0:01:51"]
[BlackClock "0:00:50"]
[Board "79"]

1. e4 c5 2. Nf3 d6 3. d4 cxd4 4. Nxd4 Nf6 5. Nc3 a6 6. h3 e5 7. Nde2 h5 8. Bg5 Be6 9. Nc1 Nbd7 10. Be2 Be7 11. Nb3 Rc8 12. O-O h4 13. Kh1 Rxc3 14. bxc3 Nxe4 15. Bxe7 Qxe7 16. Bf3 Ndf6 17. Qe1 Ng5 18. Be2 Nd5 19. Nd2 Nxc3 20. Nf3 Nce4 21. Nxg5 Nxg5 22. c4 Ne4 23. Bf3 Nc5 24. Qd2 O-O 25. Rfd1 e4 26. Be2 Rd8 27. Qe3 f5 28. f4 Qf6 29. Rd4 Bf7 30. Rad1 g6 31. Qd2 Nd3 32. Qe3 Nc5 33. Kh2 Kg7 34. R4d2 Kf8 35. Rxd6 Rxd6 36. Qxc5 Ke7 37. Qc7+ 1-0


[Site "https://www.chess.com"]

[Event "Titled Tuesday Blitz July 25 Early 2023"]
[White "Rakitic2010"]
[Black "Schnaider, Ilan"]
[BlackFideId "169013"]
[WhiteElo "2459"]
[BlackElo "2761"]
[Result "0-1"]
[Round "2"]
[TimeControl "180+2"]
[Date "2023.07.25"]
[WhiteClock "0:00:01"]
[BlackClock "0:00:03"]
[Board "80"]

1. e4 c5 2. Nf3 d6 3. d4 cxd4 4. Nxd4 Nf6 5. Nc3 a6 6. f3 e5 7. Nb3 Be7 8. Be3 Be6 9. Qd2 h5 10. Nd5 Bxd5 11. exd5 Nbd7 12. O-O-O Rc8 13. Kb1 Nb6 14. Qa5 Qc7 15. c3 Nbd7 16. c4 Bd8 17. Qxc7 Bxc7 18. Bd3 g6 19. Nd2 Bb6 20. Bxb6 Nxb6 21. b3 Nbd7 22. Ne4 Ke7 23. Kb2 h4 24. g4 Rb8 25. h3 b5 26. cxb5 axb5 27. Nxf6 Kxf6 28. Rhf1 g5 29. Rc1 Nc5 30. Be4 Rhc8 31. Rc2 b4 32. Rfc1 Rc7 33. Rc4 Ra7 34. Kb1 Ke7 35. R1c2 Rb5 36. Rc1 Kd8 37. R1c2 Kc7 38. Kb2 Rab7 39. Kb1 Kd8 40. Kb2 Ra5 41. Kb1 Ke7 42. Kb2 Raa7 43. Kb1 Nd7 44. Kb2 Kf6 45. Kb1 Nc5 46. Kb2 Ra3 47. Kb1 Kg7 48. Kb2 Ra5 49. Kb1 Rab5 50. Kb2 Ra7 51. Kb1 Rb8 52. Kb2 f6 53. Kb1 Kf8 54. Kb2 Rba8 55. Kb1 Rb8 56. Kb2 Ke7 57. Kb1 Kd8 58. Kb2 Ra5 59. Kb1 Rab5 60. Kb2 R5b6 61. Kb1 Nd7 62. Rc6 Nc5 63. Rxb6 Rxb6 64. Rc4 Kc7 65. Kb2 Kb8 66. Kb1 Ka7 67. Kb2 Ka6 68. Kb1 Kb5 69. Kb2 Na4+ 70. Kc2 Nc3 71. Bd3 Ka5 72. Rc8 Rb7 73. Rc6 Rb6 74. Rc7 Rb8 75. Ra7+ Kb6 76. Rd7 Kc5 77. Bc4 Nxd5 78. Kd3 Nf4+ 79. Ke4 Ra8 80. Kf5 d5 81. Bf1 Rxa2 82. Kxf6 Rf2 83. Ba6 Rxf3 84. Kxe5 Re3+ 85. Kf5 Rxb3 86. Kxg5 Nxh3+ 87. Kxh4 Nf4 88. Kg5 Ne6+ 89. Kf6 Nd4 90. Bc8 Rf3+ 91. Ke5 Nc6+ 92. Ke6 d4 93. Rc7 d3 94. Bb7 Kb6 95. Bxc6 Re3+ 0-1


[Site "https://www.chess.com"]

[Event "Titled Tuesday Blitz July 25 Early 2023"]
[White "Dvirnyy, Danyyil"]
[Black "Devaev, Alexander"]
[WhiteFideId "817570"]
[BlackFideId "4169395"]
[WhiteElo "2751"]
[BlackElo "2449"]
[Result "1-0"]
[Round "2"]
[TimeControl "180+2"]
[Date "2023.07.25"]
[WhiteClock "0:00:15"]
[BlackClock "0:00:05"]
[Board "81"]

1. Nf3 Nf6 2. g3 c5 3. Bg2 Nc6 4. O-O e6 5. c4 Be7 6. d4 cxd4 7. Nxd4 O-O 8. Nc3 Ne5 9. b3 d6 10. Bb2 a6 11. Qd2 Qc7 12. Rac1 Rb8 13. f4 Ng6 14. e4 Re8 15. h3 Bf8 16. Kh2 b6 17. Nd5 exd5 18. cxd5 Qb7 19. Rfe1 Bd7 20. Nc6 Bxc6 21. dxc6 Qc7 22. e5 dxe5 23. fxe5 Rbd8 24. Qe2 Nd5 25. Qxa6 Nb4 26. Qb7 Qxb7 27. cxb7 Nd3 28. Ba1 Nxc1 29. Rxc1 Bc5 30. b4 Bxb4 31. e6 Bc5 32. exf7+ Kxf7 33. Rf1+ Kg8 34. Kh1 Ne5 35. Bd5+ Rxd5 36. Re1 Rdd8 37. Rxe5 Rxe5 38. Bxe5 1-0


[Site "https://www.chess.com"]

[Event "Titled Tuesday Blitz July 25 Early 2023"]
[White "Djordjevic, Vuk"]
[Black "Rosh Jain"]
[WhiteFideId "902098"]
[BlackFideId "25789465"]
[WhiteElo "2749"]
[BlackElo "2435"]
[Result "1-0"]
[Round "2"]
[TimeControl "180+2"]
[Date "2023.07.25"]
[WhiteClock "0:00:27"]
[BlackClock "0:00:03"]
[Board "82"]

1. d4 Nf6 2. Bg5 Ne4 3. Bf4 d5 4. e3 e6 5. Bd3 Bd6 6. Ne2 O-O 7. O-O c5 8. Bxe4 dxe4 9. dxc5 Bxc5 10. Nbc3 f5 11. Nb5 Na6 12. Bd6 Bxd6 13. Qxd6 Qe8 14. Qe5 Bd7 15. Nd6 Qe7 16. Nxb7 Rab8 17. Nd6 Nb4 18. Nd4 Nd5 19. N6xf5 Qg5 20. f4 exf3 21. Rxf3 Qf6 22. Qd6 Rfd8 23. Ng3 Qg6 24. c4 Nb4 25. Raf1 h6 26. Rf7 Qxf7 27. Rxf7 Kxf7 28. Nh5 Rb6 29. Qc7 Na6 30. Qxd8 Bc6 31. Nxc6 Rxc6 32. Qd7+ 1-0


[Site "https://www.chess.com"]

[Event "Titled Tuesday Blitz July 25 Early 2023"]
[White "Dinu, Dumitru-Daniel"]
[Black "djokovic74"]
[WhiteFideId "1208403"]
[WhiteElo "2432"]
[BlackElo "2746"]
[Result "0-1"]
[Round "2"]
[TimeControl "180+2"]
[Date "2023.07.25"]
[WhiteClock "0:00:07"]
[BlackClock "0:00:06"]
[Board "83"]

1. d4 e6 2. c4 Nf6 3. Nf3 Bb4+ 4. Bd2 Qe7 5. g3 Nc6 6. e3 Bxd2+ 7. Qxd2 d5 8. Nc3 O-O 9. Bg2 dxc4 10. O-O Rd8 11. Qe2 e5 12. dxe5 Nxe5 13. Nxe5 Qxe5 14. Qxc4 c6 15. Rad1 Be6 16. Qb4 Qc7 17. h3 a5 18. Qh4 Qb6 19. b3 Qb4 20. Qxb4 axb4 21. Na4 Nd5 22. Nc5 b6 23. Nxe6 fxe6 24. Rd2 Nc3 25. Rxd8+ Rxd8 26. Bxc6 Rd2 27. f4 Ne2+ 28. Kf2 Nc3+ 29. Kg1 Nxa2 30. Rf2 Rd1+ 31. Kg2 Nc3 32. e4 Kf7 33. f5 e5 34. g4 h6 35. h4 Kf6 36. Kg3 Rd4 37. Kf3 Rd3+ 38. Kg2 Nd1 39. Rc2 Ne3+ 40. Kf3 Nxc2+ 41. Ke2 Rc3 42. Kd2 Nd4 43. Bd5 Nxb3+ 0-1


[Site "https://www.chess.com"]

[Event "Titled Tuesday Blitz July 25 Early 2023"]
[White "Goncalves, Davi Sulzbacher"]
[Black "Zubritskiy, Artyom"]
[WhiteFideId "2154510"]
[BlackFideId "4181247"]
[WhiteElo "2422"]
[BlackElo "2743"]
[Result "0-1"]
[Round "2"]
[TimeControl "180+2"]
[Date "2023.07.25"]
[WhiteClock "0:00:02"]
[BlackClock "0:00:21"]
[Board "84"]

1. d4 Nc6 2. c4 e5 3. d5 Bb4+ 4. Bd2 Bxd2+ 5. Qxd2 Nce7 6. g3 d6 7. Bg2 f5 8. Nc3 Nf6 9. f4 Ng6 10. e3 O-O 11. Nge2 Bd7 12. O-O Qe7 13. Rfe1 Rae8 14. b4 Ng4 15. h3 exf4 16. hxg4 fxg3 17. Nxg3 fxg4 18. Be4 Ne5 19. Qc2 g6 20. Kg2 Nxc4 21. Re2 Qg5 22. Qd3 Ne5 23. Qd4 h5 24. Rh1 h4 25. Nf1 g3 26. Nd2 h3+ 27. Kg1 h2+ 28. Kg2 Qg4 29. Rxh2 gxh2+ 30. Kxh2 Re7 31. Rg2 Rh7+ 32. Kg1 Qh5 33. Nf3 Rxf3 34. Bxf3 Nxf3+ 0-1


[Site "https://www.chess.com"]